 Dungeon Crawl Stone Soup version 0.18-a0-1692-g516f9e9 (webtiles) character file.

51 Demise101 the Chopper (level 3, 0/27 HPs)
             Began as a Minotaur Warper on Apr 5, 2016.
             Slain by a worm (8 damage)
             ... on level 2 of the Dungeon.
             The game lasted 00:00:58 (853 turns).

Demise101 the Chopper (Minotaur Warper)              Turns: 853, Time: 00:00:59

Health: 0/27       AC:  3    Str: 16    XL:     3   Next: 57%
Magic:  4/4        EV: 11    Int: 10    God:
Gold:   70         SH:  0    Dex:  9    Spells: 1 memorised, 3 levels left

rFire  + . .     SeeInvis .     a - +0 hand axe
rCold  + . .     Gourm    .     b - +0 leather armour
rNeg   . . .     Faith    .     (no shield)
rPois  +         Spirit   .     (helmet restricted)
rElec  +         Dismiss  .     (no cloak)
rCorr  +         Reflect  .     (no gloves)
SustAt .         Harm     .     (no boots)
MR     +....     Clarity  +     (no amulet)
Stlth  +.........               (no ring)
                                (no ring)

@: resistant, very slightly contaminated, invisible, somewhat resistant to
hostile enchantments, very unstealthy
A: retaliatory headbutt, horns 2, clarity, frail 1, magic resistance 1
a: no special abilities


You were on level 2 of the Dungeon.
You were not hungry.

You visited 1 branch of the dungeon, and saw 2 of its levels.

You collected 70 gold pieces.

Inventory:

Hand Weapons
 a - a +0 hand axe (weapon)
Missiles
 e - 5 tomahawks of dispersal (quivered)
Armour
 b - a +0 leather armour (worn)
Scrolls
 d - a scroll of blinking
 g - 3 scrolls of identify {unknown}
 j - a scroll of fear {unknown}
 k - a scroll of remove curse {unknown}
 p - a scroll of immolation {unknown}
Books
 c - a book of Spatial Translocations

   Spells                             Type                      Level
   a - Apportation                    Translocation                1
   b - Blink                          Translocation                2
   c - Shroud of Golubria             Charms/Translocation         2
   d - Portal Projectile              Translocation                3
   e - Teleport Other                 Translocation                3
   f - Passage of Golubria            Translocation                4
Comestibles
 f - 2 bread rations
 l - 2 meat rations


   Skills:
 + Level 3.2 Fighting
 * Level 4.3 Axes
 - Level 1.0 Throwing
 - Level 1.2 Armour
 - Level 2.1 Dodging
 - Level 1.3 Spellcasting
 - Level 2.1 Translocations


You had 3 spell levels left.
You knew the following spells:

 Your Spells              Type           Power        Failure   Level  Hunger
a - Apportation           Tloc           #.........   17%         1    ##.....


Dungeon Overview and Level Annotations

Branches:
Dungeon (1/15)

Altars:


Innate Abilities, Weirdness & Mutations

You reflexively headbutt those who attack you in melee.
You have a pair of horns on your head.
You possess an exceptional clarity of mind.
You are frail (-10% HP).
You are resistant to hostile enchantments.


Message History

The adder is almost dead.
The adder bites you but does no damage. The adder bites you.
* * * LOW HITPOINT WARNING * * *
Unknown command.
You barely miss the adder.
The adder is almost dead.
You hit the worm.
The worm is lightly wounded.
The adder barely misses you. You furiously retaliate!
You headbutt the adder!
You kill the adder!
Unknown command.
Unknown command.
Unknown command.
You hit the worm.
The worm is moderately wounded.
The worm barely misses you.
You hit the worm but do no damage.
The worm is lightly wounded.
The worm bites you!
You die...

... ... .... ..... ##
###########..... ...
#$...#..........
#..##....#..........
#................[..
#.....@)............
#..###†w†..$.........
....................
.......#.?..........
........#.......#####
.......#..#.....#
.......#.####.###
......... ?.[
.####... ...#


You could see a worm.

Vanquished Creatures
  3 adders (D:2)
  A giant gecko (D:2)
  2 giant cockroaches (D:1)
  2 goblins (D:1)
  4 hobgoblins
  3 bats (D:1)
  2 giant newts
  3 kobolds (D:1)
  5 rats
25 creatures vanquished.

Notes
Turn   | Place    | Note
--------------------------------------------------------------
     0 | D:1      | Demise101 the Minotaur Warper began the quest for the Orb.
     0 | D:1      | Reached XP level 1. HP: 18/18 MP: 1/1
   164 | D:1      | Reached skill level 3 in Axes
   267 | D:1      | Reached XP level 2. HP: 25/25 MP: 3/3
   829 | D:1      | You fall through a shaft!
   835 | D:2      | Gained mutation: You possess an exceptional clarity of mind. [potion of mutation]
   835 | D:2      | Gained mutation: You are resistant to hostile enchantments. [potion of mutation]
   835 | D:2      | Gained mutation: You are frail (-10% HP). [potion of mutation]
   844 | D:2      | Reached skill level 4 in Axes
   844 | D:2      | Reached XP level 3. HP: 15/27 MP: 4/4
   853 | D:2      | Slain by a worm

Vault maps used:
D:1:      dpeg_arrival_water_altar
D:2:      nicolae_overflow_hidden_temple, first_bread

Skill      XL: |  1  2 |
---------------+-------+-----
Axes           | 3 4 |  4.3
Fighting       | 3 |  3.2
Throwing       | |  1.0
Armour         | |  1.2
Dodging        | |  2.1
Spellcasting   | |  1.3
Translocations | |  2.1

Action                   || total
-------------------------++-------
Melee: Hand axe          ||    56
  Use: Potion            ||     5
 Stab: Invisible         ||     1
